 Dungeon Crawl Stone Soup version 0.31-a0-844-gdc52ec4e09 (webtiles) character file.

Game seed: 5132735765644876615

1 Bravepunisher the Ducker (level 1, 0/11 HPs)
             Began as a Spriggan Monk on Sept 28, 2023.
             Slain by an ufetubus (2 damage)
             ... on level 5 of the Dungeon.
             The game lasted 00:01:20 (232 turns).

Bravepunisher the Ducker (Spriggan Monk)             Turns: 232, Time: 00:01:21

Health: 0/11       AC:  2    Str:  7    XL:     1   Next: 16%
Magic:  2/2        EV: 18    Int: 11    God:
Gold:   25         SH:  0    Dex: 17    Spells: 0/0 levels left

rFire   . . .        a - +0 short sword
rCold   . . .        (no shield)
rNeg    . . .        b - +0 robe
rPois   .            (helmet restricted)
rElec   .            (no cloak)
rCorr   .            (gloves unavailable)
SInv    +            (boots unavailable)
Will    .....        (no amulet)
Stlth   ++           (no ring)
HPRegen 0.21/turn    (no ring)
MPRegen 0.08/turn

%: no passive effects
@: very quick
A: very small, no large weapons, unfitting armour, see invisible, speed 3
a: no special abilities


You were on level 5 of the Dungeon.
You visited 1 branch of the dungeon, and saw 5 of its levels.

You collected 25 gold pieces.

Inventory:

Hand Weapons
 a - a +0 short sword (weapon)
Armour
 b - a +0 robe (worn)
Potions
 c - a potion of ambrosia
 d - a potion of heal wounds {unknown}


   Skills:
 * Level 2.4 Fighting
 - Level 3.2 Short Blades
 + Level 4.0 Dodging


You couldn't memorise any spells.
You didn't know any spells.
Your spell library was empty.

Dungeon Overview and Level Annotations

Branches:
Dungeon (5/15)             Temple (0/1) D:5

Altars:

Annotations:
D:4 Ijyb, Pargi


Innate Abilities, Weirdness & Mutations

You are very small and have problems with some larger weapons.
You are too small for most types of armour.
You have supernaturally acute eyesight. (SInv)
You cover ground extremely quickly. (Speed+++)


Message History

The quokka barely misses you. Ijyb hits you with a +0 dagger.
The ball python barely misses you. x2
The ball python closely misses you. The ball python completely misses you.
The quokka barely misses you. The ball python misses you.
The ball python closely misses you.
You see here a +0 flail.
The quokka completely misses you.
Found a war axe.
Found a stone staircase leading down.
Found 6 boomerangs and a leather armour.
There is a stone staircase leading down here.
You see here a +0 leather armour.
A jelly comes into view.
Found a brown potion.
The jelly quivers.
There is a stone staircase leading up here.
There is a stone staircase leading down here.
You climb downwards.
There is a stone staircase leading up here.
Found a stone staircase leading down.
There is a stone staircase leading down here.
You now have 11 gold pieces.
There is a stone staircase leading down here.
You now have 25 gold pieces (gained 14).
Found a stone staircase leading up.
An ufetubus comes into view.
Found a staircase to the Ecumenical Temple.
The ufetubus hits you. x2
An ufetubus comes into view.
The ufetubus hits you. The ufetubus misses you.
The ufetubus closely misses you. The ufetubus barely misses you.
The ufetubus attacks as it pursues you! The ufetubus misses you.
The ufetubus closely misses you.
There is a fountain of sparkling water here.
Found a war axe.
The ufetubus hits you.
* * * LOW HITPOINT WARNING * * *
The ufetubus barely misses you.
There is a staircase to the Ecumenical Temple here.
The ufetubus hits you.
You die...

#.# ..# #.####
###.#..
#####.....#
.).....⌠..## .#
...........###.
##⌠.@.⌠.#.. .
#...55..#.###..
#...⌠...#.....
#..........#
#.#........+
#.#........# #
#........###.
### #
#..<......... .
#..
#.##.#.....##..


You could see 2 ufetubi.

Vanquished Creatures
  An endoplasm (D:1)
1 creature vanquished.

Notes
Turn   | Place    | Note
-------+----------+-------------------------------------------
     0 | D:1      | Bravepunisher the Spriggan Monk began the quest for the
                  | Orb.
     0 | D:1      | Reached XP level 1. HP: 11/11 MP: 2/2
    73 | D:3      | Noticed a scorpion
    98 | D:3      | Noticed a hound
   109 | D:4      | Noticed Pargi
   125 | D:4      | Noticed Ijyb
   178 | D:4      | Noticed a jelly
   198 | D:5      | Entered Level 5 of the Dungeon
   224 | D:5      | Found a staircase to the Ecumenical Temple.
   232 | D:5      | Slain by an ufetubus

Illustrated notes

Levels and vault maps discovered:
D:1:      nzn_arrival_crosshair, layout_basic
D:2:      layout_basic, shapermc_ecumenical_altar_mp_vishouse, uniq_robin,
          uniq_sigmund
D:3:      layout_rooms
D:4:      layout_rooms, gammafunk_ghost_nasty_kobolds, uniq_ijyb, uniq_pargi,
          uniq_eustachio
D:5:      layout_basic, nicolae_qazlal_eye_of_the_storm, temple_fountains

Action                     || total
---------------------------++-------
  Melee: Short sword       ||     2
 Armour: Robe              ||    10
  Dodge: Dodged            ||    24

Table legend: (Time is in decaauts)
 A = Elapsed time spent in this place.
 B = Non-inter-level travel time spent in this place.
 C = Inter-level travel time spent in this place.
 D = Time resting spent in this place.
 E = Time spent auto-exploring this place.
 F = Levels seen in this place.
 G = Mean time per level.
                   A        B        C        D        E       F      G
               +--------+--------+--------+--------+--------+-----+--------+
         Total |    145 |    145 |      0 |      0 |     30 |   5 |   29.0 |
       Dungeon |    145 |    145 |      0 |      0 |     30 |   5 |   29.0 |
               +--------+--------+--------+--------+--------+-----+--------+

Top non-repeatable levels by time:
     D:4: 54 daAuts
     D:1: 35 daAuts
     D:3: 26 daAuts
     D:5: 21 daAuts
     D:2: 8 daAuts
